 Dungeon Crawl Stone Soup version 0.22-a0-601-gb0ed703 (webtiles) character file.

28534 sking99 the Fighter (level 13, -16/87 HPs)
             Began as a Gargoyle Earth Elementalist on July 6, 2018.
             Was an Elder of Vehumet.
             Engulfed by a fire crab's flame (36 damage)
             ... on level 5 of the Lair of Beasts.
             The game lasted 00:49:56 (21788 turns).

sking99 the Fighter (Gargoyle Earth Elementalist)  Turns: 21788, Time: 00:49:57

Health: -16/87     AC: 30    Str: 13    XL:     13   Next: 39%
Magic:  3/22       EV: 19    Int: 22    God:    Vehumet [****..]
Gold:   1878       SH:  3    Dex: 20    Spells: 13/24 levels left

rFire    x . .     SeeInvis .   w - +1 quarterstaff of the Hall of Blades {crush, rPois Int+2 Dex+4}
rCold    + + .     Gourm    .   (shield currently unavailable)
rNeg     + . .     Faith    .   l - +0 ice dragon scales
rPois    ∞         Spirit   .   (no helmet)
rElec    +         Reflect  +   D - +2 cloak
rCorr    .         Harm     .   m - +1 pair of gloves
MR       .....                  v - +0 pair of boots
Stlth    +.........             r - +3 amulet of reflection
HPRegen  0.24/turn              K - +6 ring of dexterity
MPRegen  0.18/turn              I - +5 ring of evasion

@: no status effects
A: negative energy resistance 1, electricity resistance, unbreathing,
petrification resistance, rot immunity, AC +9
a: Renounce Religion


You were on level 5 of the Lair of Beasts.
You worshipped Vehumet.
Vehumet was greatly pleased with you.
You were not hungry.

You visited 3 branches of the dungeon, and saw 17 of its levels.
You also visited: Ice Cave.

You collected 1878 gold pieces.

Inventory:

Hand Weapons
 w - the +1 quarterstaff of the Hall of Blades (weapon) {crush, rPois Int+2 Dex+4}
   (You found it on level 6 of the Dungeon)

   It inflicts extra damage upon your enemies.
   It affects your intelligence (+2).
   It affects your dexterity (+4).
   It protects you from poison.
Missiles
 b - 193 stones (quivered)
Armour
 l - +0 ice dragon scales (worn)
 m - a +1 pair of gloves (worn)
 v - a +0 pair of boots (worn)
 D - a +2 cloak (worn)
 H - the +0 ring mail of Gallantry {rCorr Str+3 Int+2 Dex+3}
   (You found it on level 6 of the Dungeon)

   It affects your strength (+3).
   It affects your intelligence (+2).
   It affects your dexterity (+3).
   It protects you from acid and corrosion.
Jewellery
 a - the ring "Cavufyej" {rC+ Str+5}
   (You found it on level 7 of the Dungeon)

   [ring of protection from cold]

   It affects your strength (+5).
   It protects you from cold.
 c - an uncursed amulet of guardian spirit
 e - an uncursed ring of ice
 n - an uncursed ring of protection from magic
 q - a +3 ring of evasion
 r - a +3 amulet of reflection (around neck)
 s - an uncursed ring of resist corrosion
 G - a +3 ring of intelligence
 I - a +5 ring of evasion (right hand)
 K - a +6 ring of dexterity (left hand)
 S - an uncursed amulet of faith {unknown}
Wands
 t - a wand of digging (12)
 y - a wand of random effects (19)
 F - a wand of flame (49)
 M - a wand of enslavement (21)
 P - a wand of polymorph (11)
 T - a wand of iceblast (7)
Scrolls
 f - a scroll of blinking
 i - a scroll of enchant weapon
 j - 3 scrolls of teleportation
 k - 8 scrolls of remove curse
 x - a scroll of amnesia
 A - 3 scrolls of fear
 L - 2 scrolls of immolation
 R - a scroll of noise {unknown}
Potions
 g - 5 potions of flight
 h - 5 potions of lignification
 o - 2 potions of mutation
 p - a potion of curing
 u - 3 potions of invisibility {unknown}
 z - a potion of cancellation {unknown}
 B - a potion of brilliance {unknown}
 C - 3 potions of ambrosia
 E - 4 potions of berserk rage
 J - a potion of agility
 Q - 3 potions of might {unknown}
Miscellaneous
 N - a crystal ball of energy
 O - a phantom mirror
Comestibles
 d - 25 rations


   Skills:
 + Level 12.4 Fighting
 + Level 11.1 Armour
 + Level 8.9 Dodging
 - Level 2.2 Stealth
 - Level 6.3 Spellcasting
 - Level 4.2 Conjurations
 - Level 2.0 Transmutations
 - Level 12.1 Earth Magic


You had 13 spell levels left.
You knew the following spells:

 Your Spells              Type           Power        Failure   Level  Hunger
a - Sandblast             Erth           ######       1%          1    None
b - Passwall              Tmut/Erth      #####...     3%          2    None
c - Stone Arrow           Conj/Erth      #####.       1%          3    #......
d - Lee's Rapid Deconstr  Erth           ######....   2%          5    #####..

Your spell library contained the following spells:

 Spells                   Type           Power        Failure   Level  Hunger
 Petrify                  Tmut/Erth      #####...     22%         4    ###....


Dungeon Overview and Level Annotations

Branches:
Dungeon (11/15)            Temple (1/1) D:4            Lair (5/6) D:11
  Swamp (0/4) Lair:2        Snake (0/4) Lair:4          Orc (0/2) D:11
  Slime: Lair:5-6

Altars:
Ashenzari
Cheibriados
Dithmenos
Elyvilon
Fedhas
Gozag
Hepliaklqana
Kikubaaqudgha
Makhleb
Nemelex Xobeh
Okawaru
Qazlal
Ru
Sif Muna
Trog
Uskayaw
Vehumet
Wu Jian
Xom
Yredelemnul
Zin
The Shining One

Shops:
D:11 *


Innate Abilities, Weirdness & Mutations

You are resistant to torment.
Your stone body is resilient. (AC +9)
You are immune to poison.
You resist negative energy. (rN+)
You are resistant to electric shocks. (rElec)
You can survive without breathing.
You are immune to petrification.
You are immune to rotting.


Message History

You sock the bullfrog!
You kill the bullfrog!
Vehumet accepts your kill.
You feel your power returning. The fire crab barely misses you.
The fire crab claws you but does no damage.
The fire crab bites you.
You are engulfed in flames!!
The fire burns you terribly! The fire crab barely misses you.
The fire crab barely misses you. The fire crab misses you.
The fire crab breathes flames at you. The blast of flame engulfs you!
You are engulfed in blazing flames.
The plant is engulfed in blazing flames.
You are engulfed in blazing flames.
* * * LOW HITPOINT WARNING * * *
The plant is engulfed in blazing flames.
Okay, then.
The fire crab breathes flames at you. The blast of flame engulfs you!
You feel better.
You are engulfed in blazing flames.
You die...

............... .....
..#..P.# P##.... ...#..#
... PP.#...# #....### ...
.......P #......# ....
.....§..##......#P....
....#.§§#§.......#.....
..##..§§@§§t..........
##$#..§§#§........#..
........#..P..††#.#
.........#P..P#.#..#..
...........P..P.†.......
.............PP...........
........................!..
...............##.P........
#..#.P......##.....#.##....


You could see a fire crab.

Vanquished Creatures
  2 ice dragons (IceCv)
  3 hydras
  A two-headed ogre (D:9)
  Erica (D:8)
  Pikel (D:7)
  4 oklob plants (Lair:2)
  2 ugly things (D:11)
  Joseph (Lair:1)
  A black mamba (Lair:2)
  A gargoyle (D:10)
  2 ice statues (IceCv)
  6 spiny frogs
  2 rime drakes (IceCv)
  A kobold demonologist (D:11)
  4 komodo dragons
  Grinder (D:6)
  2 hornets
  A troll (D:11)
  A tyrant leech (Lair:2)
  A polar bear (Lair:4)
  3 hippogriffs
  5 blink frogs (Lair:2)
  3 wyverns
  16 yaks
  3 basilisks
  Grum (D:9)
  3 swamp worms (Lair:2)
  Edmund (D:6)
  Duvessa (D:6)
  7 water moccasins
  7 porcupines
  2 orc warriors (D:10)
  A sky beast (D:7)
  26 ice beasts
  2 necrophages (D:8)
  7 centaurs
  2 ogres
  3 phantoms
  9 wolves
  9 crocodiles
  3 big kobolds
  7 bullfrogs
  2 wyvern zombies
  Dowan (D:6)
  4 scorpions
  3 killer bees (D:7)
  A howler monkey (D:9)
  8 electric eels
  5 crimson imps
  2 quasits
  3 hounds
  2 centaur skeletons
  4 orc priests
  Crazy Yiuf (D:2)
  2 bullfrog skeletons
  A bullfrog zombie (D:8)
  Jessica (D:2)
  5 orc wizards
  Terence (D:3)
  4 iguanas
  7 worker ants
  A hound skeleton (D:11)
  10 gnolls
  A howler monkey skeleton (D:11)
  6 adders
  4 shadow imps
  An ooze (D:3)
  An adder zombie (D:8)
  4 dart slugs
  2 leopard geckos
  28 orcs
  2 ball pythons
  6 bats
  2 giant cockroaches
  3 goblins
  7 hobgoblins
  20 jackals
  8 quokkas
  2 frilled lizards
  A jackal skeleton (D:5)
  10 kobolds
  A leopard gecko zombie (D:6)
  A quokka skeleton (D:4)
  A quokka zombie (D:6)
  7 rats
  A plant (Lair:2)
346 creatures vanquished.

Vanquished Creatures (others)
  3 slaves (D:7)
  A centaur (D:7)
  2 killer bees (D:7)
  3 howler monkeys (D:7)
  A jelly (D:7)
  2 orcs (D:7)
  2 giant cockroaches (D:7)
  A leopard gecko skeleton (D:7)
  A bush (D:11)
  4 fungi
  17 plants
37 creatures vanquished.

Grand Total: 383 creatures vanquished

Notes
Turn   | Place    | Note
-------+----------+-------------------------------------------
     0 | D:1      | sking99 the Gargoyle Earth Elementalist began the quest for the Orb.
     0 | D:1      | Reached XP level 1. HP: 10/10 MP: 3/3
   158 | D:1      | Reached XP level 2. HP: 15/15 MP: 0/5
   569 | D:1      | Reached XP level 3. HP: 19/19 MP: 2/6
   654 | D:1      | Learned a level 2 spell: Passwall
   658 | D:1      | Learned a level 3 spell: Stone Arrow
  1140 | D:2      | Reached skill level 1 in Transmutations
  1379 | D:2      | Found a runed door.
  1495 | D:2      | Reached XP level 4. HP: 24/24 MP: 2/7
  1618 | D:2      | Found an iron altar of Okawaru.
  1621 | D:2      | Reached skill level 5 in Earth Magic
  1930 | D:2      | Noticed Jessica
  1935 | D:2      | Killed Jessica
  1935 | D:2      | Reached skill level 1 in Conjurations
  2045 | D:2      | Noticed Crazy Yiuf
  2050 | D:2      | Killed Crazy Yiuf
  2050 | D:2      | Reached XP level 5. HP: 28/28 MP: 2/9
  2856 | D:3      | Noticed Terence
  2886 | D:3      | Killed Terence
  2886 | D:3      | Reached XP level 6. HP: 18/32 MP: 0/10
  3010 | D:3      | Learned a level 5 spell: Lee's Rapid Deconstruction
  3048 | D:3      | Found a stormy altar of Qazlal.
  3223 | D:4      | Found a burning altar of Makhleb.
  3226 | D:4      | Found a hazy altar of Hepliaklqana.
  3229 | D:4      | Found a glowing golden altar of the Shining One.
  3365 | D:4      | Found a shattered altar of Ashenzari.
  3647 | D:4      | Noticed a water moccasin
  3653 | D:4      | Killed a water moccasin
  3794 | D:4      | Found a snail-covered altar of Cheibriados.
  3896 | D:4      | Found a staircase to the Ecumenical Temple.
  4042 | Temple   | Entered the Ecumenical Temple
  4184 | Temple   | Became a worshipper of Vehumet
  4217 | D:5      | Entered Level 5 of the Dungeon
  4620 | D:5      | Reached XP level 7. HP: 36/36 MP: 5/12
  4673 | D:5      | Found a shimmering altar of Xom.
  5347 | D:6      | Got a slimy quarterstaff
  5348 | D:6      | Identified the +1 quarterstaff of the Hall of Blades {crush, rPois Int+2 Dex+4} (You found it on level 6 of the Dungeon)
  5399 | D:6      | Noticed Duvessa
  5399 | D:6      | Noticed Dowan
  5408 | D:6      | Killed Duvessa
  5667 | D:6      | Killed Dowan
  5877 | D:6      | Found a shadowy altar of Dithmenos.
  6094 | D:6      | Noticed Grinder
  6141 | D:6      | Killed Grinder
  6141 | D:6      | Reached XP level 8. HP: 41/41 MP: 0/14
  6381 | D:6      | Noticed Edmund
  6407 | D:6      | Killed Edmund
  6407 | D:6      | Reached skill level 1 in Fighting
  7224 | D:7      | Reached * piety under Vehumet
  7224 | D:7      | Offered knowledge of Shock by Vehumet.
  7354 | D:7      | Noticed Pikel
  7361 | D:7      | Killed Pikel
  7361 | D:7      | Reached skill level 5 in Spellcasting
  7361 | D:7      | Reached skill level 10 in Earth Magic
  7361 | D:7      | Reached XP level 9. HP: 51/51 MP: 0/16
  7631 | D:7      | Got a scintillating wooden ring
  8710 | D:7      | Found a hide-covered altar of Uskayaw.
  9095 | D:8      | Identified the ring "Cavufyej" {rC+ Str+5} (You found it on level 7 of the Dungeon)
  9182 | D:8      | Noticed Erica
  9198 | D:8      | Killed Erica
  9198 | D:8      | Reached skill level 5 in Fighting
  9231 | D:8      | Reached XP level 10. HP: 51/59 MP: 6/19
  9350 | D:8      | Found an ornate altar of the Wu Jian Council.
  9523 | D:8      | Found a basalt altar of Yredelemnul.
  9577 | D:8      | Reached ** piety under Vehumet
  9577 | D:8      | Offered knowledge of Flame Tongue by Vehumet.
  9778 | D:8      | Reached skill level 1 in Armour
 10742 | D:9      | Found an opulent altar of Gozag.
 11099 | D:6      | Got a smoking ring mail
 11100 | D:6      | Identified the cursed +0 ring mail of Gallantry {rCorr Str+3 Int+2 Dex+3} (You found it on level 6 of the Dungeon)
 11197 | D:9      | Noticed a two-headed ogre
 11206 | D:9      | Killed a two-headed ogre
 11451 | D:9      | Noticed Grum
 11458 | D:9      | Killed Grum
 11458 | D:9      | Offered knowledge of Inner Flame by Vehumet.
 11495 | D:9      | Found a sacrificial altar of Ru.
 12012 | D:10     | Entered Level 10 of the Dungeon
 12063 | D:10     | Reached skill level 5 in Armour
 12213 | D:10     | Reached XP level 11. HP: 63/68 MP: 2/20
 12469 | D:10     | Reached *** piety under Vehumet
 13158 | D:11     | Found a staircase to the Orcish Mines.
 13198 | D:11     | Reached skill level 5 in Dodging
 13300 | D:11     | Noticed an eight-headed hydra
 13312 | D:11     | Killed an eight-headed hydra
 13585 | D:11     | Offered knowledge of Static Discharge by Vehumet.
 13766 | D:11     | Noticed a brown ugly thing
 13789 | D:11     | Killed a brown ugly thing
 13858 | D:11     | Found a staircase to the Lair.
 13861 | D:11     | Noticed a purple ugly thing
 13886 | D:11     | Killed a purple ugly thing
 14052 | D:11     | Noticed a sixfirhy
 14307 | D:11     | Found Uleom's Assorted Antiques.
 14416 | Lair:1   | Entered Level 1 of the Lair of Beasts
 14542 | Lair:1   | Noticed Joseph
 14546 | Lair:1   | Killed Joseph
 14867 | Lair:1   | Reached skill level 10 in Fighting
 14867 | Lair:1   | Reached XP level 12. HP: 70/77 MP: 18/21
 15657 | Lair:2   | Found a staircase to the Swamp.
 15804 | Lair:2   | Found a frozen archway.
 15813 | Lair:2   | Reached **** piety under Vehumet
 15830 | Lair:2   | Offered knowledge of Yara's Violent Unravelling by Vehumet.
 15847 | IceCv    | Entered an ice cave
 16688 | IceCv    | Noticed an ice dragon
 16688 | IceCv    | Noticed an ice dragon
 16735 | IceCv    | Killed an ice dragon
 16738 | IceCv    | HP: 4/80 [ice dragon/blast of cold (14)]
 16748 | IceCv    | Killed an ice dragon
 17414 | Lair:2   | Reached skill level 10 in Armour
 18843 | Lair:3   | Reached XP level 13. HP: 85/85 MP: 16/22
 20341 | Lair:4   | Found a staircase to the Snake Pit.
 21788 | Lair:5   | Engulfed by a fire crab's flame

Vault maps used:
D:1:      dpeg_arrival_rhombi, minmay_tetromino_s2
D:2:      okawaru_trees_2, first_ration, kennysheep_jessica_study,
          uniq_crazy_yiuf_cottage
D:3:      overflow_temple_1_default, uniq_terence
D:4:      kennysheep_slug_shrine, grunt_temple_overflow_diamond,
          minmay_temple_entry_poolview, cheibrodos_ashenzari_chains
D:5:      nicolae_overflow_crystal_walls
D:6:      nicolae_dithmenos_shadow_blocks, uniq_grinder, uniq_edmund,
          uniq_duvessa
D:7:      kennysheep_mini, serial_bayou_lagoon_b, uniq_pikel
D:8:      kennysheep_mini_moat, marbit_many_paths, st_stairs_6,
          blue_anna_alchemist, uniq_erica
D:9:      hangedman_ru_absence, old_standard_altar, uniq_grum
D:10:     kennysheep_kite_vault
D:11:     minmay_lair_entry_grove, orc_0_dummy, serial_shops, shop
Temple:   compressed_dpeg_triangle_lava_temple
Lair:1:   serial_bayou_shore_a, uniq_joseph
Lair:2:   minmay_swamp_entry_worms, portal_ice_cave_entry_ice_beasts,
          serial_bayou_shore_b, minmay_lair_oklob_chamber
Lair:4:   dummy_snake_entry
Lair:5:   nicolae_slime_entry_slimehenge, minmay_hedge_maze, patterned_corridor
IceCv:    ice_cave_small_dragons

Skill      XL: |  1  2  3  4  5  6  7  8  9 10 11 12 13 |
---------------+----------------------------------------+-----
Earth Magic    | 4 5 6 8 10 11 12 | 12.1
Transmutations | 1 2 |  2.0
Conjurations   | 1 2 4 |  4.2
Spellcasting   | 3 4 5 6 |  6.3
Fighting       | 3 5 7 10 11 12 | 12.4
Armour         | 5 8 10 11 | 11.1
Dodging        | 4 6 8 |  8.9
Stealth        | |  2.2

Action                   |  1- 3 |  4- 6 |  7- 9 | 10-12 | 13-15 || total
-------------------------+-------+-------+-------+-------+-------++-------
Melee: Whip              |    20 |    47 |     3 |       |       ||    70
       Quarterstaff      |       |       |    61 |    85 |    18 ||   164
 Cast: Sandblast         |    43 |    52 |    23 |    61 |     2 ||   181
       Stone Arrow       |     5 |    18 |    95 |   231 |    87 ||   436
       Lee's Rapid Decon |       |       |     7 |    53 |     9 ||    69
  Use: Scroll            |       |    11 |     2 |     6 |     3 ||    22
       Potion            |       |       |     1 |     5 |     1 ||     7
  Eat: Chunk             |     3 |    10 |    15 |    23 |     8 ||    59
       Ration            |       |     1 |     1 |     7 |     1 ||    10
Armor: Robe              |    14 |    32 |    42 |     1 |       ||    89
       Ring mail         |       |       |       |    77 |       ||    77
       Ice dragon scales |       |       |       |    10 |    20 ||    30
Dodge: Dodged            |    23 |    40 |    52 |   198 |    51 ||   364
Block: Other             |       |       |    13 |    23 |     9 ||    45
       Reflection        |       |       |     1 |     2 |       ||     3

Table legend:
 A = Spawn XP
 B = Non-spawn XP
 C = Spawn XP percentage of total XP
 D = Spawn monster count
 E = Non-spawn monster count
 F = Spawn count percentage of total count
 G = Total turns spent on level
                    A         B        C        D         E        F      G
               +---------+---------+-------+---------+---------+-------+---------
         Total |       0 |   40764 |   0.0 |       0 |     345 |   0.0 | 21788
               +---------+---------+-------+---------+---------+-------+---------
           D:1 |       0 |      56 |   0.0 |       0 |      30 |   0.0 |  1099
           D:2 |       0 |     129 |   0.0 |       0 |      20 |   0.0 |  1055
           D:3 |       0 |     165 |   0.0 |       0 |      17 |   0.0 |  1005
           D:4 |       0 |     206 |   0.0 |       0 |       8 |   0.0 |   965
           D:5 |       0 |     284 |   0.0 |       0 |      18 |   0.0 |  1267
           D:6 |       0 |     888 |   0.0 |       0 |      12 |   0.0 |  1512
           D:7 |       0 |    1569 |   0.0 |       0 |      33 |   0.0 |  2004
           D:8 |       0 |    2593 |   0.0 |       0 |      20 |   0.0 |  1601
           D:9 |       0 |    2620 |   0.0 |       0 |      30 |   0.0 |  1452
          D:10 |       0 |    2413 |   0.0 |       0 |      25 |   0.0 |   921
          D:11 |       0 |    5422 |   0.0 |       0 |      31 |   0.0 |  1374
        Lair:1 |       0 |    2963 |   0.0 |       0 |      14 |   0.0 |   988
        Lair:2 |       0 |    7265 |   0.0 |       0 |      29 |   0.0 |  2005
        Lair:3 |       0 |    3876 |   0.0 |       0 |      13 |   0.0 |   970
        Lair:4 |       0 |    2558 |   0.0 |       0 |      15 |   0.0 |  1578
        Lair:5 |       0 |    2350 |   0.0 |       0 |      10 |   0.0 |   442
         IceCv |       0 |    5407 |   0.0 |       0 |      20 |   0.0 |  1389
               +---------+---------+-------+---------+---------+-------+---------
